 Dungeon Crawl Stone Soup version 0.31-a0-656-gb4d89c20fa (webtiles) character file.

Game seed: 15854961353319771020

108 Sabo the Chopper (level 4, -2/34 HPs)
             Began as a Demonspawn Gladiator on Aug 30, 2023.
             Slain by a cerulean imp
             ... wielding a +2 spear
             ... summoned by Natasha
              (4 damage)
             ... on level 2 of the Dungeon.
             The game lasted 00:06:27 (1436 turns).

Sabo the Chopper (Demonspawn Gladiator)             Turns: 1436, Time: 00:06:27

Health: -2/34      AC:  9    Str: 16    XL:     4   Next: 58%
Magic:  4/4        EV: 10    Int: 10    God:
Gold:   65         SH:  0    Dex: 14    Spells: 3/3 levels left

rFire   . . .        a - +0 war axe
rCold   . . .        (no shield)
rNeg    . . .        l - +0 scale mail
rPois   .            c - +0 helmet
rElec   .            (no cloak)
rCorr   .            (no gloves)
SInv    .            (no boots)
Will    .....        (no amulet) Stlth
                     (no ring)
HPRegen 0.25/turn    (no ring)
MPRegen 0.09/turn

%: no passive effects
@: no status effects
A: molten scales 1, weakness stinger 1
a: no special abilities


You were on level 2 of the Dungeon.
You visited 1 branch of the dungeon, and saw 2 of its levels.

You collected 65 gold pieces.

Inventory:

Hand Weapons
 a - a +0 war axe (weapon)
 j - a +0 spectral club
Missiles
 d - 3 throwing nets
 e - a javelin
 g - 2 boomerangs (quivered)
Armour
 c - a +0 helmet (worn)
 l - a +0 scale mail (worn)
Scrolls
 m - a scroll of silence {unknown}
Potions
 b - a potion of might
 f - a potion of heal wounds {unknown}
 h - 2 potions of mutation
 i - a potion of haste {unknown}
 k - a potion of resistance {unknown}
 n - a potion of magic {unknown}


   Skills:
 + Level 2.5 Fighting
 + Level 3.5 Axes
 + Level 2.6 Throwing
 + Level 1.5 Armour
 + Level 3.0 Dodging


You had 3 spell levels left.
You didn't know any spells.
Your spell library was empty.

Dungeon Overview and Level Annotations

Branches:
Dungeon (2/15)

Altars:

Annotations:
D:2 Natasha


Innate Abilities, Weirdness & Mutations

You are partially covered in molten scales. (AC +2)
You have a small tail.


Message History

Natasha claws you.
You barely miss Natasha.
Natasha is severely wounded.
Natasha claws you but does no damage.
You closely miss Natasha.
Natasha is severely wounded.
Natasha casts a spell at you. The magic dart hits you!
You hit Natasha.
Natasha is almost dead.
Natasha claws you. x2
* * * LOW HITPOINT WARNING * * *
You barely miss Natasha.
Your tail-slap misses Natasha.
Natasha is almost dead.
Natasha mumbles some strange words.
Natasha glows brightly for a moment.
Natasha claws you.
* * * LOW HITPOINT WARNING * * *
You barely miss Natasha.
Natasha is almost dead.
Natasha claws you but does no damage.
You hit Natasha but do no damage.
Natasha is almost dead.
Natasha claws you!
* * * LOW HITPOINT WARNING * * *
Natasha barely misses you.
You closely miss Natasha.
Natasha is almost dead.
Natasha mumbles some strange words.
You hit Natasha but do no damage.
Your tail-slap misses Natasha.
Natasha is almost dead.
You hit the cerulean imp but do no damage.
Natasha barely misses you.
The cerulean imp hits you with a +2 spear.
* * * LOW HITPOINT WARNING * * *
You miss Natasha.
Natasha is almost dead.
You barely miss the cerulean imp. Natasha claws you but does no damage.
The cerulean imp hits you with a +2 spear.
You die...

#..# #.# #..## #.#
######.... #.# #
#......... ..#.#
.#.####.## #.#.###
#.###.# #.. ..##
##....#
#.##.#####.###.#####
#...@5......#.##
####h#######.## ...#
### #####


You could see Natasha and a cerulean imp (summoned).

Vanquished Creatures
  Jessica (D:2)
  Natasha (twice) (D:2)
  An adder (D:2)
  3 ball pythons
  4 endoplasms (D:1)
  2 giant cockroaches (D:1)
  4 hobgoblins (D:1)
  A kobold (D:1)
  A frilled lizard (D:2)
  2 goblins (D:1)
  3 rats
24 creatures vanquished.

Notes
Turn   | Place    | Note
-------+----------+-------------------------------------------
     0 | D:1      | Sabo the Demonspawn Gladiator began the quest for the Orb.
     0 | D:1      | Reached XP level 1. HP: 16/16 MP: 1/1
   251 | D:1      | Gained mutation: You are partially covered in molten
                  | scales. (AC +2) [demonic ancestry]
   251 | D:1      | Reached XP level 2. HP: 22/22 MP: 2/2
   990 | D:2      | Noticed Natasha
  1005 | D:2      | Killed Natasha
  1006 | D:2      | Reached skill level 1 in Armour
  1006 | D:2      | Reached XP level 3. HP: 13/27 MP: 3/3
  1100 | D:2      | Noticed Jessica
  1120 | D:2      | Killed Jessica
  1121 | D:2      | Gained mutation: You have a small tail. [demonic ancestry]
  1121 | D:2      | Reached XP level 4. HP: 13/34 MP: 4/4
  1315 | D:2      | Noticed Natasha
  1322 | D:2      | Killed Natasha
  1418 | D:2      | Noticed Natasha
  1435 | D:2      | HP: 1/34 [cerulean imp/+2 spear[Natasha] (1)]
  1436 | D:2      | Slain by a cerulean imp

Illustrated notes

Levels and vault maps discovered:
D:1:      ldierk_walled_garden, layout_basic
D:2:      layout_loops_ring, shapermc_ecumenical_altar_starsandcircs,
          uniq_natasha, uniq_robin, uniq_crazy_yiuf_cottage, uniq_jessica

Skill      XL: |  1  2  3  4 |
---------------+-------------+-----
Axes           | 3 |  3.5
Throwing       | 2 |  2.6
Armour         | 1 |  1.5
Dodging        | 3 |  3.0
Fighting       | |  2.5

Action                     |  1- 3 |  4- 6 || total
---------------------------+-------+-------++-------
  Melee: War axe           |    51 |    32 ||    83
         Tailslap          |       |     2 ||     2
  Throw: Boomerang         |    23 |     2 ||    25
    Use: Scroll            |     2 |       ||     2
 Armour: Leather armour    |     5 |       ||     5
         Scale mail        |    15 |    20 ||    35
  Dodge: Dodged            |    26 |    22 ||    48

Table legend: (Time is in decaauts)
 A = Elapsed time spent in this place.
 B = Non-inter-level travel time spent in this place.
 C = Inter-level travel time spent in this place.
 D = Time resting spent in this place.
 E = Time spent auto-exploring this place.
 F = Levels seen in this place.
 G = Mean time per level.
                   A        B        C        D        E       F      G
               +--------+--------+--------+--------+--------+-----+--------+
         Total |   1479 |   1479 |      0 |    168 |      0 |   2 |  739.5 |
       Dungeon |   1479 |   1479 |      0 |    168 |      0 |   2 |  739.5 |
               +--------+--------+--------+--------+--------+-----+--------+

Top non-repeatable levels by time:
     D:1: 997 daAuts
     D:2: 481 daAuts
